TOP OF THE 1ST |
Portland Angels batting - Pitching for Americus Braves : RHP Danny Sosa
|
Pitching: RHP Danny Sosa
|
|
Batting: RHB Jose Garduno
|
0-0: Called Strike 0-1: Swinging Strike 0-2: Foul Ball, location: 2F 0-2: Strikes out looking
|
Batting: LHB Pavla Markianov
|
0-0: Ball 1-0: SOLO HOME RUN (Flyball, 9D, EV 101.2 MPH), Distance : 396 ft
|
Batting: RHB Scott Webb
|
0-0: Foul Ball, location: 2F 0-1: Ball 1-1: Fly out, F8 (Flyball, 8RS, EV 93.1 MPH)
|
Batting: RHB Alex Rosaly
|
0-0: Ball 1-0: Swinging Strike 1-1: Foul Ball, location: 2F 1-2: Strikes out swinging
|
Top of the 1st over - 1 run, 1 hit, 0 errors, 0 left on base; Portland 1 - Americus 0 |
BOTTOM OF THE 1ST |
Americus Braves batting - Pitching for Portland Angels : RHP Marcell Luciano
|
Pitching: RHP Marcell Luciano
|
|
Batting: RHB Ryan Cole
|
0-0: Ball 1-0: Ball 2-0: Called Strike 2-1: Called Strike 2-2: Ground out 4-3 (Groundball, 4, EV 88.8 MPH)
|
Batting: RHB Wilson Salgado
|
0-0: Called Strike 0-1: Ball 1-1: Called Strike 1-2: Ball 2-2: Ball 3-2: Ground out 1-3 (Groundball, 25, EV 68.8 MPH)
|
Batting: LHB Garret Mathis
|
0-0: Ball 1-0: Called Strike 1-1: Ball 2-1: Swinging Strike 2-2: Ball 3-2: Fly out, F9 (Flyball, 9, EV 91.2 MPH)
|
Bottom of the 1st over - 0 runs, 0 hits, 0 errors, 0 left on base; Portland 1 - Americus 0 |
TOP OF THE 2ND |
Portland Angels batting - Pitching for Americus Braves : RHP Danny Sosa
|
Batting: SHB Manuel Martinez
|
0-0: Ball 1-0: Ball 2-0: Called Strike 2-1: Ball 3-1: Base on Balls
|
Batting: RHB Mario Martinez
|
0-0: Foul Ball, location: 2F 0-1: Called Strike 0-2: Ball 1-2: Strikes out swinging
|
Batting: RHB Dan Contreras
|
0-0: Ball Wild Pitch! Manuel Martinez to second 1-0: SINGLE (Groundball, 5D, EV 95.6 MPH) Manuel Martinez to third Runner from 3rd tries for Home, SAFE, throw by LF to home
|
Batting: LHB Miguel Hernandez
|
0-0: Ball 1-0: Ball 2-0: Called Strike 2-1: Fly out, F8 (Flyball, 8LD, EV 93.8 MPH)
|
Batting: LHB David Coatney
|
0-0: Ball 1-0: DOUBLE (Flyball, 78XD, EV 111.2 MPH) Dan Contreras to third Runner from 3rd tries for Home, SAFE, throw by CF to trailing runner, SAFE at third!
|
Batting: RHB Jose Garduno
|
0-0: Swinging Strike 0-1: Ball 1-1: Swinging Strike 1-2: Ground out 6-3 (Groundball, 6, EV 82.5 MPH)
|
Top of the 2nd over - 2 runs, 2 hits, 0 errors, 1 left on base; Portland 3 - Americus 0 |
BOTTOM OF THE 2ND |
Americus Braves batting - Pitching for Portland Angels : RHP Marcell Luciano
|
Batting: RHB Ricardo Joya
|
0-0: Ball 1-0: Called Strike 1-1: Ball 2-1: Ball 3-1: Base on Balls
|
Batting: RHB Alex Guerra
|
0-0: Called Strike 0-1: Fielders Choice at 2nd, 4-6 (Groundball, 4S, EV 83.8 MPH)
|
Batting: RHB Jose Florez
|
0-0: DOUBLE (Flyball, 89XD, EV 109.4 MPH) Alex Guerra to third
|
Batting: RHB Bart Stevensdick
|
0-0: Swinging Strike 0-1: Ball 1-1: Ball 2-1: Fly out, F7 (Flyball, 7LMF, EV 94.4 MPH) Runner from 3rd tags up, SCORES, throw by LF Jose Florez to third
|
Batting: RHB Juan Barela
|
0-0: Ball 1-0: Ball 2-0: Ground out 4-3 (Groundball, 4, EV 81.9 MPH)
|
Bottom of the 2nd over - 1 run, 1 hit, 0 errors, 1 left on base; Portland 3 - Americus 1 |
TOP OF THE 3RD |
Portland Angels batting - Pitching for Americus Braves : RHP Danny Sosa
|
Batting: LHB Pavla Markianov
|
0-0: Foul Ball, location: 2F 0-1: Ball 1-1: Foul Ball, location: 2F 1-2: Ball 2-2: Ball 3-2: SOLO HOME RUN (Flyball, 9D, EV 101.2 MPH), Distance : 392 ft
|
Batting: RHB Scott Webb
|
0-0: Ball 1-0: Foul Ball, location: 2F 1-1: Ball 2-1: Ball 3-1: Base on Balls
|
Batting: RHB Alex Rosaly
|
0-0: Ball 1-0: Ball 2-0: Ball 3-0: Called Strike 3-1: Grounds into double play, 5-4-3 (Groundball, 56, EV 85.0 MPH)
|
Batting: SHB Manuel Martinez
|
0-0: Called Strike 0-1: Ball 1-1: Ball 2-1: Ball 3-1: Called Strike 3-2: Foul Ball, location: 2F 3-2: Ground out 4-3 (Groundball, 4, EV 102.5 MPH)
|
Top of the 3rd over - 1 run, 1 hit, 0 errors, 0 left on base; Portland 4 - Americus 1 |
BOTTOM OF THE 3RD |
Americus Braves batting - Pitching for Portland Angels : RHP Marcell Luciano
|
Batting: LHB Pappy Sterile
|
0-0: Fly out, F7 (Line Drive, 78M, EV 93.8 MPH)
|
Batting: RHB Ryan Cole
|
0-0: Foul Ball, location: 2F 0-1: Called Strike 0-2: Foul Ball, location: 2F 0-2: Ball 1-2: Foul Ball, location: 2F 1-2: Foul Ball, location: 2F 1-2: Foul Ball, location: 2F 1-2: Foul Ball, location: 2F 1-2: Foul Ball, location: 2F 1-2: Ball 2-2: Fly out, F8 (Flyball, 8RXD, EV 93.1 MPH)
|
Batting: RHB Wilson Salgado
|
0-0: Fly out, F8 (Flyball, 78M, EV 86.9 MPH)
|
Bottom of the 3rd over - 0 runs, 0 hits, 0 errors, 0 left on base; Portland 4 - Americus 1 |
TOP OF THE 4TH |
Portland Angels batting - Pitching for Americus Braves : RHP Danny Sosa
|
Batting: RHB Mario Martinez
|
0-0: Called Strike 0-1: Ball 1-1: Called Strike 1-2: SINGLE (Groundball, 4MD, EV 102.5 MPH)
|
Batting: RHB Dan Contreras
|
0-0: Called Strike 0-1: Fly out, F8 (Line Drive, 8RD, EV 95.6 MPH)
|
Batting: LHB Miguel Hernandez
|
0-0: Fly out, F7 (Flyball, 7LMF, EV 93.8 MPH)
|
Batting: LHB David Coatney
|
0-0: Called Strike 0-1: Ball 1-1: Ball 2-1: Ball 3-1: Foul Ball, location: 2F 3-2: Base on Balls Mario Martinez to second
|
Batting: RHB Jose Garduno
|
0-0: Called Strike 0-1: Swinging Strike 0-2: Fly out, F8 (Line Drive, 8RM, EV 108.8 MPH)
|
Top of the 4th over - 0 runs, 1 hit, 0 errors, 2 left on base; Portland 4 - Americus 1 |
BOTTOM OF THE 4TH |
Americus Braves batting - Pitching for Portland Angels : RHP Marcell Luciano
|
Batting: LHB Garret Mathis
|
0-0: Called Strike 0-1: Foul Ball, location: 2F 0-2: Ball 1-2: Ball 2-2: Fly out, F6 (Flyball, 4MD, EV 85.6 MPH)
|
Batting: RHB Ricardo Joya
|
0-0: Foul Ball, location: 2F 0-1: Ball 1-1: Ball 2-1: Ball 3-1: Foul Ball, location: 2F 3-2: Ground out 6-3 (Groundball, 6, EV 104.4 MPH)
|
Batting: RHB Alex Guerra
|
0-0: Called Strike 0-1: SINGLE (Groundball, 34D, EV 105.0 MPH)
|
Batting: RHB Jose Florez
|
0-0: Called Strike 0-1: SINGLE (Groundball, 56D, EV 108.8 MPH) Alex Guerra to second
|
Batting: RHB Bart Stevensdick
|
0-0: Called Strike 0-1: Foul Ball, location: 2F 0-2: Foul Ball, location: 2F 0-2: Ground out 2-3 (Groundball, 13S, EV 66.9 MPH)
|
Bottom of the 4th over - 0 runs, 2 hits, 0 errors, 2 left on base; Portland 4 - Americus 1 |
TOP OF THE 5TH |
Portland Angels batting - Pitching for Americus Braves : RHP Danny Sosa
|
Batting: LHB Pavla Markianov
|
0-0: Ball 1-0: Ball 2-0: Ball 3-0: Called Strike 3-1: Base on Balls
|
Batting: RHB Scott Webb
|
0-0: Called Strike 0-1: Called Strike 0-2: SINGLE (Groundball, 56S, EV 75.0 MPH) (infield hit) Pavla Markianov to second
|
Batting: RHB Alex Rosaly
|
0-0: Ball 1-0: Foul Ball, location: 2F 1-1: Ball 2-1: 3-RUN HOME RUN (Flyball, 7LD, EV 91.9 MPH), Distance : 345 ft
|
Pitching: RHP Aaron Frey
|
|
Batting: SHB Manuel Martinez
|
0-0: Swinging Strike 0-1: Ball 1-1: Ground out 4-3 (Groundball, 4, EV 85.0 MPH)
|
Batting: RHB Mario Martinez
|
0-0: Ball 1-0: Called Strike 1-1: Foul Ball, location: 2F 1-2: Strikes out swinging
|
Batting: RHB Dan Contreras
|
0-0: Foul Ball, location: 2F 0-1: Ball 1-1: Foul Ball, location: 2F 1-2: Ball 2-2: Strikes out swinging
|
Top of the 5th over - 3 runs, 2 hits, 0 errors, 0 left on base; Portland 7 - Americus 1 |
BOTTOM OF THE 5TH |
Americus Braves batting - Pitching for Portland Angels : RHP Marcell Luciano
|
Batting: RHB Juan Barela
|
0-0: Ball 1-0: Swinging Strike 1-1: Ball 2-1: Ball 3-1: Swinging Strike 3-2: Foul Ball, location: 2F 3-2: Reached on error, E6 (Groundball, 56, EV 103.1 MPH)
|
Batting: LHB Pappy Sterile
|
0-0: Called Strike 0-1: Called Strike 0-2: Ball 1-2: Strikes out swinging
|
Pitching: LHP Benjie Dalaque
|
|
Batting: RHB Ryan Cole
|
0-0: Ball 1-0: Ball 2-0: Ball 3-0: Called Strike 3-1: Called Strike 3-2: Fly out, F8 (Flyball, 89S, EV 85.6 MPH)
|
Batting: RHB Wilson Salgado
|
0-0: Fly out, F7 (Flyball, 78M, EV 91.9 MPH)
|
Bottom of the 5th over - 0 runs, 0 hits, 1 error, 1 left on base; Portland 7 - Americus 1 |
TOP OF THE 6TH |
Portland Angels batting - Pitching for Americus Braves : RHP Aaron Frey
|
Batting: LHB Miguel Hernandez
|
0-0: Foul Ball, location: 2F 0-1: Ball 1-1: Fly out, F9 (Line Drive, 89M, EV 94.4 MPH)
|
Batting: LHB David Coatney
|
0-0: Ball 1-0: Ball 2-0: Foul Ball, location: 2F 2-1: SOLO HOME RUN (Flyball, 78XD, EV 99.4 MPH), Distance : 417 ft
|
Batting: RHB Jose Garduno
|
0-0: Called Strike 0-1: Foul Ball, location: 2F 0-2: Ball 1-2: Foul Ball, location: 2F 1-2: SINGLE (Line Drive, 8RS, EV 98.8 MPH)
|
Batting: LHB Pavla Markianov
|
0-0: Ball 1-0: Ball 2-0: Foul Ball, location: 2F 2-1: Ground out 4-3 (Groundball, 4M, EV 82.5 MPH) Jose Garduno to second
|
Batting: RHB Scott Webb
|
0-0: Ball 1-0: Foul Ball, location: 2F 1-1: Swinging Strike 1-2: Foul Ball, location: 2F 1-2: Ground out 4-3 (Groundball, 4, EV 80.0 MPH)
|
Top of the 6th over - 1 run, 2 hits, 0 errors, 1 left on base; Portland 8 - Americus 1 |
BOTTOM OF THE 6TH |
Americus Braves batting - Pitching for Portland Angels : LHP Benjie Dalaque
|
Batting: LHB Garret Mathis
|
0-0: Ball 1-0: Ball 2-0: Foul Ball, location: 2F 2-1: Swinging Strike 2-2: Foul Ball, location: 2F 2-2: Ball 3-2: SINGLE (Line Drive, 4D, EV 101.2 MPH)
|
Batting: RHB Ricardo Joya
|
0-0: Called Strike 0-1: Ball 1-1: Foul Ball, location: 2F 1-2: Grounds into double play, 6-4-3 (Groundball, 6, EV 84.4 MPH)
|
Batting: RHB Alex Guerra
|
0-0: Called Strike 0-1: Ball 1-1: Swinging Strike 1-2: Strikes out looking
|
Bottom of the 6th over - 0 runs, 1 hit, 0 errors, 0 left on base; Portland 8 - Americus 1 |
TOP OF THE 7TH |
Portland Angels batting - Pitching for Americus Braves : RHP Aaron Frey
|
Pinch Hitting: RHB Mark Squires
|
0-0: Ball 1-0: Foul Ball, location: 2F 1-1: Called Strike 1-2: Ball 2-2: Strikes out swinging
|
Batting: SHB Manuel Martinez
|
0-0: Swinging Strike 0-1: Ball 1-1: Foul Ball, location: 2F 1-2: Ball 2-2: Ball 3-2: Strikes out swinging
|
Batting: RHB Mario Martinez
|
0-0: Called Strike 0-1: Ball 1-1: SINGLE (Line Drive, 8RS, EV 92.5 MPH)
|
Pitching: RHP Justus Gonzales
|
|
Batting: RHB Dan Contreras
|
0-0: Called Strike 0-1: Called Strike 0-2: Strikes out swinging
|
Top of the 7th over - 0 runs, 1 hit, 0 errors, 1 left on base; Portland 8 - Americus 1 |
BOTTOM OF THE 7TH |
Americus Braves batting - Pitching for Portland Angels : LHP Benjie Dalaque
|
Now at 1B: Mark Squires
|
|
Batting: RHB Jose Florez
|
0-0: Fly out, F7 (Flyball, 7S, EV 91.2 MPH)
|
Batting: RHB Bart Stevensdick
|
0-0: Ground out 3-1 (Groundball, 34, EV 91.2 MPH)
|
Batting: RHB Juan Barela
|
0-0: Called Strike 0-1: Ball 1-1: Ball 2-1: Ball 3-1: Swinging Strike 3-2: Strikes out swinging
|
Bottom of the 7th over - 0 runs, 0 hits, 0 errors, 0 left on base; Portland 8 - Americus 1 |
TOP OF THE 8TH |
Portland Angels batting - Pitching for Americus Braves : RHP Justus Gonzales
|
Batting: LHB Miguel Hernandez
|
0-0: Ball 1-0: Called Strike 1-1: Ball 2-1: Foul Ball, location: 2F 2-2: Strikes out looking
|
Batting: LHB David Coatney
|
0-0: Called Strike 0-1: Foul Ball, location: 2F 0-2: Fly out, F7 (Flyball, 78M, EV 80.0 MPH)
|
Batting: RHB Jose Garduno
|
0-0: Ball 1-0: Ball 2-0: Ball 3-0: Base on Balls
|
Pinch Hitting: RHB Fernando Sosa
|
0-0: Ground out 5-3 (Groundball, 56, EV 81.2 MPH)
|
Top of the 8th over - 0 runs, 0 hits, 0 errors, 1 left on base; Portland 8 - Americus 1 |
BOTTOM OF THE 8TH |
Americus Braves batting - Pitching for Portland Angels : LHP Benjie Dalaque
|
Now at SS: Fernando Sosa
|
|
Pinch Hitting: RHB Scott Hansen
|
0-0: Ball 1-0: Ground out 4-3 (Groundball, 4, EV 81.9 MPH)
|
Batting: RHB Ryan Cole
|
0-0: Swinging Strike 0-1: Ball 1-1: Fly out, F3 (Popup, 23F, EV 80.0 MPH)
|
Batting: RHB Wilson Salgado
|
0-0: Called Strike 0-1: Ball 1-1: Ground out 5-3 (Groundball, 56S, EV 83.8 MPH)
|
Bottom of the 8th over - 0 runs, 0 hits, 0 errors, 0 left on base; Portland 8 - Americus 1 |
TOP OF THE 9TH |
Portland Angels batting - Pitching for Americus Braves : RHP Justus Gonzales
|
Now in LF: Scott Hansen
|
|
Batting: RHB Scott Webb
|
0-0: Ground out 5-3 (Groundball, 56S, EV 79.4 MPH)
|
Pinch Hitting: RHB Shawn Jansen
|
0-0: Foul Ball, location: 2F 0-1: Fly out, F7 (Flyball, 7S, EV 93.8 MPH)
|
Pinch Hitting: LHB Lupe Garcia
|
0-0: Ball 1-0: Ball 2-0: Called Strike 2-1: Called Strike 2-2: Strikes out swinging
|
Top of the 9th over - 0 runs, 0 hits, 0 errors, 0 left on base; Portland 8 - Americus 1 |
BOTTOM OF THE 9TH |
Americus Braves batting - Pitching for Portland Angels : LHP Benjie Dalaque
|
Now at C: Lupe Garcia
|
|
Now at 1B: Jon Rahn
|
|
Batting: RHB Bill Horne
|
0-0: Called Strike 0-1: Fly out, F8 (Flyball, 89M, EV 86.9 MPH)
|
Batting: RHB Ricardo Joya
|
0-0: Ground out 3-1 (Groundball, 34S, EV 87.5 MPH)
|
Batting: RHB Alex Guerra
|
0-0: Ground out 5-3 (Groundball, 5, EV 92.5 MPH)
|
Bottom of the 9th over - 0 runs, 0 hits, 0 errors, 0 left on base; Portland 8 - Americus 1 |
|